 Dungeon Crawl Stone Soup version 0.18.1-48-g4cf74bf (webtiles) character file.

220 Groucho the Ruffian (level 5, -5/43 (46) HPs)
             Began as a Ghoul Monk on Aug 28, 2016.
             Slain by an ogre
             ... wielding a +0 giant spiked club
              (25 damage)
             ... on level 6 of the Dungeon.
             The game lasted 00:07:28 (3297 turns).

Groucho the Ruffian (Ghoul Monk)                    Turns: 3297, Time: 00:07:29

HP:   -5/43 (46)    AC:  3    Str: 16    XL:     5   Next: 97%
MP:   4/4           EV: 13    Int:  5    God:
Gold: 157           SH:  0    Dex: 11    Spells: 0 memorised, 4 levels left

rFire  . . .     SeeInvis .       - Unarmed
rCold  + . .     Gourm    .     a - +0 robe
rNeg   + + +     Faith    .     (no shield)
rPois  ∞         Spirit   .     (no helmet)
rElec  .         Dismiss  .     v - +0 cloak
rCorr  .         Reflect  .     (no gloves)
SustAt .         Harm     .     (no boots)
MR     .....                    (no amulet)
Stlth  ++........               (no ring)
                                (no ring)

@: rotting, not resistant to hostile enchantments, unstealthy
A: rotting body, claws 1, carnivore 3, cold resistance 1, negative energy
resistance 3, slow regeneration 1, torment resistance, unbreathing
a: no special abilities


You were on level 6 of the Dungeon.
You were not hungry.

You visited 1 branch of the dungeon, and saw 5 of its levels.

You collected 157 gold pieces.

Inventory:

Hand Weapons
 h - a +0 dagger
Missiles
 j - 175 stones (quivered)
 u - 6 tomahawks of returning
Armour
 a - a +0 robe (worn)
 v - a +0 cloak (worn)
Jewellery
 s - an uncursed ring of see invisible {unknown}
 t - an uncursed amulet of magic regeneration {unknown}
Scrolls
 c - 2 scrolls of amnesia {unknown}
 d - 5 scrolls of remove curse {unknown}
 f - a scroll of blinking {unknown}
 i - 5 scrolls of identify {unknown}
 m - 3 scrolls of enchant weapon {unknown}
 n - 3 scrolls of teleportation {unknown}
 o - a scroll of fog {unknown}
 q - 2 scrolls of immolation {unknown}
 x - a scroll of enchant armour {unknown}
 y - a scroll of recharging {unknown}
Potions
 e - a potion of cancellation {unknown}
 g - 2 potions of lignification {unknown}
 k - 3 potions of curing {unknown}
 l - 2 potions of heal wounds {unknown}
 p - a potion of cure mutation {unknown}
 r - a potion of mutation {unknown}
 w - a potion of might {unknown}
Comestibles
 b - 2 meat rations
 z - a slice of pizza
 A - a beef jerky


   Skills:
 + Level 4.0 Fighting
 + Level 2.0 Armour
 + Level 3.5 Dodging
 - Level 2.1 Stealth
 * Level 6.0 Unarmed Combat


You had 4 spell levels left.
You didn't know any spells.

Dungeon Overview and Level Annotations

Branches:
Dungeon (4/15)
 Temple: D:4-7

Altars:
Makhleb
Pakellas
Qazlal
Vehumet
Zin


Innate Abilities, Weirdness & Mutations

Your body is rotting away.
You thrive on raw meat.
You are immune to poison.
You have sharp fingernails.
You are carnivorous and can eat meat at any time.
Your flesh is cold resistant.
You are immune to negative energy.
You regenerate slowly when monsters are visible.
You are immune to unholy pain and torment.
You can survive without breathing.


Message History

The ogre is heavily wounded.
The shadow imp laughs crazily.
The shadow imp closely misses you. The ogre closely misses you.
Unknown command.
You scratch the ogre but do no damage.
The ogre is heavily wounded.
The shadow imp misses you.
You scratch the ogre.
The ogre is heavily wounded.
The ogre closely misses you.
Unknown command.
You claw the ogre!
The ogre is almost dead.
The shadow imp closely misses you. The orc hits you with a hand axe.
Unknown command.
You barely miss the ogre.
The ogre is almost dead.
The ogre hits you with a giant spiked club!!
Ouch! That really hurt!
You die...

...... #..
....... #..
.......####..
........!...#
............#
...........
.....oo..#
#O5o# ##@.#
##.# ##.# ##


You could see an ogre, a shadow imp and 3 orcs.

Vanquished Creatures
  3 orc wizards
  2 orc priests
  An adder (D:1)
  An ooze (D:3)
  A worm (D:3)
  4 orcs
  3 giant cockroaches
  9 goblins
  8 hobgoblins
  3 quokkas
  9 bats
  3 giant newts
  3 kobolds (D:1)
  14 rats
64 creatures vanquished.

Notes
Turn   | Place    | Note
--------------------------------------------------------------
     0 | D:1      | Groucho the Ghoul Monk began the quest for the Orb.
     0 | D:1      | Reached XP level 1. HP: 19/19 MP: 0/0
   125 | D:1      | Reached XP level 2. HP: 23/26 MP: 1/1
   611 | D:1      | Reached XP level 3. HP: 23/30 MP: 2/2
  1430 | D:2      | Reached skill level 1 in Armour
  1458 | D:2      | Found a glowing silver altar of Zin.
  1567 | D:2      | Reached skill level 5 in Unarmed Combat
  1918 | D:3      | Reached XP level 4. HP: 28/35 MP: 3/3
  2438 | D:3      | Found an oddly glowing altar of Pakellas.
  2448 | D:3      | Found a burning altar of Makhleb.
  2449 | D:3      | Found a radiant altar of Vehumet.
  2450 | D:3      | Found a stormy altar of Qazlal.
  2968 | D:4      | Reached XP level 5. HP: 40/44 MP: 4/4
  3281 | D:4      | You fall through a shaft for 2 floors!
  3283 | D:6      | Noticed an ogre
  3289 | D:6      | Reached skill level 6 in Unarmed Combat
  3297 | D:6      | Slain by an ogre

Skill      XL: |  1  2  3  4  5 |
---------------+----------------+-----
Dodging        | 3 |  3.5
Armour         | 1 2 |  2.0
Unarmed Combat | 5 6 |  6.0
Fighting       | 4 |  4.0
Stealth        | |  2.1

Action                   |  1- 3 |  4- 6 || total
-------------------------+-------+-------++-------
Melee: Unarmed           |   103 |    84 ||   187
 Stab: Sleeping          |     8 |     3 ||    11
  Eat: Chunk             |    13 |     8 ||    21
Armor: Robe              |    20 |    15 ||    35
Dodge: Dodged            |    64 |    43 ||   107
